 Dungeon Crawl Stone Soup version 0.31.0-32-g396128a36d (webtiles) character file.

Game seed: 9491485968431769333

296 PaiMei the Grave Robber (level 6, 0/38 (41) HPs)
             Began as a Demonspawn Necromancer on Mar 31, 2024.
             Succumbed to a kobold brigand's curare-tipped dart
             ... in a sewer.
             The game lasted 00:09:21 (4149 turns).

PaiMei the Grave Robber (Demonspawn Necromancer)    Turns: 4149, Time: 00:09:22

HP:   0/38 (41)     AC:  8    Str:  9    XL:     6   Next: 12%
MP:   5/11          EV: 13    Int: 17    God:
Gold: 174           SH:  0    Dex: 13    Spells: 10/11 levels left

rFire   . . .        z - +2 dagger (drain)
rCold   . . .        (no shield)
rNeg    . . .        a - +0 robe
rPois   .            (helmet restricted)
rElec   .            u - +0 cloak
rCorr   .            o - +0 pair of gloves
SInv    +            (no boots)
Will    +....        (no amulet)
Stlth   ++           f - ring of see invisible
HPRegen 0.26/turn    q - +4 ring of protection
MPRegen 0.12/turn

%: no passive effects
@: lethally poisoned (0 -> -2), enlightened, flying, slowed, drained, very slow
A: horns 1, powered by death 1
a: no special abilities


You were in a sewer.
You visited 1 branch of the dungeon, and saw 4 of its levels.
You also visited: Sewer.

You collected 174 gold pieces.

Inventory:

Hand Weapons
 n - a +2 dagger of speed
 z - a +2 dagger of draining (weapon)
Missiles
 s - 5 curare-tipped darts (quivered)
 v - a throwing net
Armour
 a - a +0 robe (worn)
 o - a +0 pair of gloves (worn)
 t - a +1 helmet
 u - a +0 cloak (worn)
Jewellery
 e - a ring of ice
 f - a ring of see invisible (left hand)
 p - a ring of flight
 q - a +4 ring of protection (right hand)
Wands
 i - a wand of flame (11)
Scrolls
 d - a scroll of amnesia {unknown}
 j - a scroll of enchant armour {unknown}
 k - 2 scrolls of teleportation {unknown}
 l - 5 scrolls of identify {unknown}
 w - a scroll of brand weapon {unknown}
 x - a scroll of revelation {unknown}
 y - a scroll of vulnerability {unknown}
 A - a scroll of blinking {unknown}
Potions
 b - a potion of magic
 c - a potion of enlightenment
 g - a potion of haste {unknown}
 h - a potion of curing {unknown}
 m - 2 potions of might {unknown}
 r - 2 potions of berserk rage {unknown}


   Skills:
 + Level 3.2 Dodging
 + Level 3.5 Stealth
 + Level 3.3 Spellcasting
 + Level 5.5 Necromancy


You had 10 spell levels left.
You knew the following spells:

 Your Spells              Type           Power      Damage    Failure   Level
a - Necrotise             Necr           84%        1d8       1%          1

Your spell library contained the following spells:

 Spells                   Type           Power      Damage    Failure   Level
 Vampiric Draining        Necr           21%        2d7       4%          3
 Animate Dead             Necr           21%        N/A       17%         4
 Curse of Agony           Necr           21%        N/A       43%         5


Dungeon Overview and Level Annotations

Branches:
Dungeon (4/15)              Sewer (1/1)
 Temple: D:4-7

Altars:

Annotations:
D:3 Grinder
D:4 Menkaure


Innate Abilities, Weirdness & Mutations

You have a pair of small horns on your head.
You regenerate a little health from kills.


Message History

a +0 club; 3 stones; a kobold corpse You barely miss the kobold brigand.
You headbutt the kobold brigand, but do no damage.
You feel very sick.
The kobold brigand hits you with a +0 club.
* * * LOW HITPOINT WARNING * * *
The kobold brigand barely misses you. The kobold closely misses you.
You barely miss the kobold brigand.
You feel sick. The kobold hits you but does no damage.
You feel drained. The kobold brigand barely misses you.
The kobold barely misses you. The kobold completely misses you.
Casting: Necrotise (safe; 1% risk of failure)
Confirm with . or Enter, or press ? or * to list all spells.
You don't know that spell.
Casting: Necrotise (safe; 1% risk of failure)
Confirm with . or Enter, or press ? or * to list all spells.
You don't know that spell.
Casting: Necrotise (safe; 1% risk of failure)
Confirm with . or Enter, or press ? or * to list all spells.
You don't know that spell.
You hit the kobold brigand but do no damage.
You feel sick.
The kobold brigand hits you with a +0 club.
* * * LOW HITPOINT WARNING * * *
The kobold splashes around in the water.
The kobold hits you but does no damage.
You feel drained. The kobold brigand barely misses you.
The kobold splashes around in the water.
You hit the kobold brigand but do no damage.
You headbutt the kobold brigand.
The kobold brigand is lightly wounded.
* * * LOW HITPOINT WARNING * * *
You feel sick.
The kobold splashes around in the water.
The kobold brigand closely misses you. The kobold misses you.
The kobold closely misses you.
It was a potion of enlightenment.
You feel very buoyant.
You fly up into the air.
You die...

#.~≈~.# ##.~≈~~##
################..~≈~..#
~~~~~~~~~~~~~~~~~~~≈~.~#
################.~~≈~~~#
#~~~≈)..# #~~~≈Z~.#
#.)≈≈≈~.# #@K≈≈≈~~#
#KK≈≈≈~~# #~.~~~~.#
#....~..# ####.#### ..
... ..#


You could see a kobold brigand, 2 kobolds and a friendly jackal skeleton.

Vanquished Creatures
  A kobold brigand (Sewer)
  A bombardier beetle (D:3)
  Robin (D:4)
  5 adders
  3 river rats (Sewer)
  4 dart slugs
  3 ribbon worms
  2 orcs
  10 ball pythons
  3 bats
  7 endoplasms
  4 giant cockroaches
  14 goblins
  5 hobgoblins
  7 jackals
  4 quokkas
  6 frilled lizards
  3 kobolds
  10 rats
93 creatures vanquished.

Vanquished Creatures (collateral kills)
  A ball python (D:1)
  A bat (D:1)
2 creatures vanquished.

Grand Total: 95 creatures vanquished

Notes
Turn   | Place    | Note
-------+----------+-------------------------------------------
     0 | D:1      | PaiMei the Demonspawn Necromancer began the quest for the
                  | Orb.
     0 | D:1      | Reached XP level 1. HP: 13/13 MP: 3/3
   453 | D:1      | Found a faded altar of an unknown god.
   464 | D:1      | Gained mutation: You regenerate a little health from kills.
                  | [demonic ancestry]
   464 | D:1      | Reached XP level 2. HP: 17/19 MP: 0/5
  1334 | D:2      | Reached XP level 3. HP: 20/24 MP: 2/6
  2050 | D:3      | Reached XP level 4. HP: 30/30 MP: 2/7
  2327 | D:3      | Reached skill level 5 in Necromancy
  2665 | D:3      | Reached XP level 5. HP: 35/35 MP: 6/9
  2759 | D:3      | Noticed Grinder
  2805 | D:3      | Paralysed by Grinder for 3 turns
  3663 | D:4      | Noticed Menkaure
  3758 | D:4      | Noticed Robin
  3794 | D:4      | Killed Robin
  3934 | D:4      | Found a glowing drain.
  3950 | Sewer    | Entered a sewer
  4141 | Sewer    | Gained mutation: You have a pair of small horns on your
                  | head. [demonic ancestry]
  4141 | Sewer    | Reached XP level 6. HP: 25/41 MP: 4/11
  4148 | Sewer    | HP: 1/38 [poisoned by a kobold brigand (curare-tipped
                  | dart)]
  4149 | Sewer    | Succumbed to a kobold brigand's curare-tipped dart

Illustrated notes

Levels and vault maps discovered:
D:1:      minmay_arrival_shattered_statue, layout_basic,
          nicolae_ecumenical_snake_handling
D:2:      layout_basic, minmay_hexomino_c4
D:3:      minmay_recursive_quarters, layout_rooms, minmay_divided_ellipse,
          uniq_grinder
D:4:      layout_loops_ring, grunt_temple_overflow_open,
          cheibrodos_sewer_entry_bend, kennysheep_generic_room_11, uniq_robin,
          uniq_menkaure
Sewer:    sewer_kobolds

Skill      XL: |  1  2  3  4  5 |
---------------+----------------+-----
Stealth        | 2 3 |  3.5
Dodging        | 2 3 |  3.2
Necromancy     | 5 |  5.5
Spellcasting   | 3 |  3.3

Action                     |  1- 3 |  4- 6 || total
---------------------------+-------+-------++-------
  Melee: Unarmed           |     6 |       ||     6
         Dagger            |    15 |    91 ||   106
         Headbutt          |       |     2 ||     2
   Cast: Necrotise         |    73 |    73 ||   146
    Use: Potion            |       |     1 ||     1
   Stab: Distracted        |       |     2 ||     2
 Armour: Robe              |    26 |    49 ||    75
  Dodge: Dodged            |    34 |    64 ||    98
